 Dungeon Crawl Stone Soup version 0.30-a0-1163-gf69bf04e7a (webtiles) character file.

Game seed: 3072533381791477187

7595 backslashecho the Destroyer (level 10, -3/65 (67) HPs)
             Began as a Demonspawn Necromancer on Apr 28, 2023.
             Was a Priest of Sif Muna.
             Shot with a bolt by an orc warrior (11 damage)
             ... on level 9 of the Dungeon.
             The game lasted 01:02:53 (9937 turns).

backslashecho the Destroyer (DsNe)                  Turns: 9937, Time: 01:02:54

HP:   -3/65 (67)    AC: 13    Str:  9    XL:     10   Next: 97%
MP:   0/20          EV: 11    Int: 28    God:    Sif Muna [***...]
Gold: 423           SH:  0    Dex: 14    Spells: 13/23 levels left

rFire   . . .        a - +4 dagger
rCold   . . .        (no shield)
rNeg    . . .        K - +1 leather armour of Noon {rCorr Int+2}
rPois   .            n - +0 helmet
rElec   .            p - +0 cloak
rCorr   +            h - +0 pair of gloves
SInv    .            I - +1 pair of boots
Will    .....        (no amulet)
Stlth   ++           g - +6 ring of intelligence
HPRegen 0.30/turn    t - +4 ring of protection
MPRegen 0.34/turn

%: guardian spirit
@: about to teleport, lightly drained
A: foul stench 1, magic shield, magic regeneration, weakness stinger 1
a: Renounce Religion, Channel Magic, Forget Spell


You were on level 9 of the Dungeon.
You worshipped Sif Muna.
Sif Muna was most pleased with you.
You visited 1 branch of the dungeon, and saw 9 of its levels.

You collected 423 gold pieces.

Inventory:

Hand Weapons
 a - a +4 dagger (weapon)
Missiles
 F - 5 poisoned darts (quivered)
Armour
 h - a +0 pair of gloves (worn)
 n - a +0 helmet (worn)
 p - a +0 cloak (worn)
 x - +0 steam dragon scales
 I - a +1 pair of boots (worn)
 K - the +1 leather armour of Noon (worn) {rCorr Int+2}
   (You found it on level 7 of the Dungeon)

   Int:       It affects your intelligence (+2).
   rCorr:     It protects you from acid and corrosion.
Magical Staves
 b - a staff of poison
Jewellery
 g - a +6 ring of intelligence (left hand)
 t - a +4 ring of protection (right hand)
 v - a ring of positive energy
 y - a ring of fire
Wands
 c - a wand of charming (6)
 i - a wand of flame (10)
Scrolls
 e - a scroll of fear
 q - a scroll of fog
 z - 2 scrolls of enchant armour {unknown}
 A - a scroll of vulnerability {unknown}
 B - a scroll of immolation {unknown}
 C - a scroll of butterflies {unknown}
 E - 2 scrolls of blinking {unknown}
 G - a scroll of amnesia {unknown}
 L - a scroll of noise {unknown}
 M - 2 scrolls of identify
Potions
 d - 8 potions of curing
 f - 2 potions of heal wounds
 j - a potion of cancellation {unknown}
 k - 2 potions of lignification
 o - 2 potions of brilliance {unknown}
 r - 3 potions of mutation
 s - 4 potions of magic
 u - a potion of berserk rage {unknown}
 w - 2 potions of resistance
 D - a potion of might {unknown}
 H - a potion of attraction {unknown}
 J - a potion of haste {unknown}


   Skills:
 - Level 2.0 Fighting
 - Level 2.0 Dodging
 - Level 2.0 Stealth
 * Level 7.1 Spellcasting
 - Level 9.0 Conjurations
 - Level 5.6 Necromancy
 * Level 8.6 Fire Magic
 + Level 8.6 Invocations


You had 13 spell levels left.
You knew the following spells:

 Your Spells              Type           Power      Damage    Failure   Level
a - Necrotise             Necr           100%       1d9       1%          1
b - Freeze                Ice            40%        1d6       8%          1
c - Vampiric Draining     Necr           41%        2d8       2%          3
e - Fireball              Conj/Fire      28%        3d12      5%          5

Your spell library contained the following spells:

 Spells                   Type           Power      Damage    Failure   Level
 Hailstorm                Conj/Ice       35%        3d9       3%          3
 Iskenderun's Battlesphe  Conj           57%        2d11      5%          5
 Animate Dead             Necr           41%        N/A       8%          4
 Frozen Ramparts          Ice            20%        1d4       22%         3
 Vhi's Electric Charge    Tloc/Air       20%        N/A       22%         3
 Agony                    Necr           41%        N/A       22%         5
 Arcjolt                  Conj/Air       17%        1d27      32%         5
 Olgreb's Toxic Radiance  Pois           10%        N/A       58%         4
 Orb of Destruction       Conj           28%        9d9       85%         7
 Conjure Ball Lightning   Conj/Air       17%        3x3d6     88%         6
 Discord                  Hex            5%         N/A       100%        8
 Ignition                 Fire           27%        3d9       100%        8
 Maxwell's Capacitive Co  Air            5%         ∞         100%        8


Dungeon Overview and Level Annotations

Branches:
Dungeon (9/15)             Temple (0/1) D:6            Lair (0/5) D:8
    Orc: D:9-12

Altars:
Cheibriados
Fedhas
Gozag
Makhleb
Nemelex Xobeh
Sif Muna
Vehumet
Yredelemnul

Shops:
D:8 (

Annotations:
D:6 exclusion: 2 wights, Grinder
D:7 3 runed translucent doors, pigah's ghost, novice OpWn
D:8 Grum


Innate Abilities, Weirdness & Mutations

You may rarely emit foul miasma when damaged in melee.
When hurt, damage is shared between your health and your magic reserves.
You regenerate magic rapidly.
You have a small tail.


Message History

The two-headed ogre attacks as you move away!
The two-headed ogre hits you with a +0 giant club!!
* * * LOW HITPOINT WARNING * * *
The two-headed ogre barely misses you.
You take 19 damage, and have 7/65 hp.
MASSIVE DAMAGE!!
You now have 1/20 mp.
You see here a +0 short sword.
You see here a +0 short sword.
As you read the scroll of fear, it crumbles to dust.
You assume a fearsome visage.
The two-headed ogre resists with some effort.
The two-headed ogre attacks as you move away!
The two-headed ogre hits you with a +0 giant club!
* * * LOW HITPOINT WARNING * * *
The two-headed ogre hits you with a +0 giant club.
* * * LOW HITPOINT WARNING * * *
You take 7 damage, and have 8/65 hp.
You now have 5/20 mp.
Things that are here:
a +0 dagger; a +0 leather armour The two-headed ogre attacks as you move away!
The two-headed ogre closely misses you.
The two-headed ogre hits you but does no damage.
The orc warrior shouts!
The orc warrior unwields a +0 arbalest.
The orc warrior wields a +0 scimitar.
The orc warrior hits you but does no damage.
As you read the scroll of teleportation, it crumbles to dust.
You feel strangely unstable.
The orc warrior hits you with a +0 scimitar.
* * * LOW HITPOINT WARNING * * *
You feel much better.
The two-headed ogre hits you with a +0 giant club!!
* * * LOW HITPOINT WARNING * * *
The two-headed ogre barely misses you.
The orc warrior hits you with a +0 scimitar!
* * * LOW HITPOINT WARNING * * *
You now have 1/20 mp.
The orc warrior attacks as you move away!
The orc warrior barely misses you.
The orc warrior unwields a +0 scimitar.
The orc warrior wields a +0 arbalest.
The orc warrior shoots a bolt.
The bolt hits you!
You die...

### #.##### # #...O.z # #.##### #
#.# # ############# #.# #
#...........# #.# # #...........#
#.#
#######.........@O#########.#####
..................)..............
.......†.......).o######.........
..................# #..#)#####
.[................# ###'#......
..................# #.'_'.#####
..................# #.#'#.##...
.......############ #.....##.##
.......# ##.#.....##


You could see a two-headed ogre and an orc warrior.

Vanquished Creatures
  Pikel (D:6)
  Maggie (D:8)
  2 trolls (D:9)
  2 wyverns
  5 yaks
  2 steam dragons (D:9)
  A vampire mosquito (D:9)
  A water moccasin (D:9)
  Duvessa (D:4)
  3 orc warriors
  4 black bears
  4 wolves
  2 ogres (D:5)
  3 centaurs
  4 lemures
  Blork the orc (D:4)
  2 kobold brigands
  3 bullfrogs
  A gnoll sergeant (D:9)
  2 scorpions
  14 wights
  Dowan (D:4)
  2 killer bees (D:9)
  2 howler monkeys
  4 orc priests
  4 hounds
  3 sleepcaps
  4 orc wizards
  3 iguanas
  5 adders
  4 gnolls
  A shadow imp (D:8)
  2 white imps
  An ufetubus (D:5)
  4 worms
  4 dart slugs
  17 orcs
  9 bats
  3 endoplasms
  2 giant cockroaches (D:1)
  5 goblins
  8 hobgoblins
  10 jackals
  4 quokkas
  2 ball pythons
  4 frilled lizards
  9 kobolds
  5 rats
181 creatures vanquished.

Vanquished Creatures (collateral kills)
  A two-headed ogre (D:9)
  An elephant (D:8)
  A black bear (D:8)
  A phantom (D:6)
  A killer bee (D:9)
  A gnoll bouda (D:8)
  A gnoll (D:8)
  A shadow imp (D:7)
  2 goblins
  A hobgoblin (D:1)
  A kobold (D:1)
  A quokka (D:1)
13 creatures vanquished.

Vanquished Creatures (others)
  A kobold (D:8)
  6 plants (D:1)
7 creatures vanquished.

Grand Total: 201 creatures vanquished

Notes
Turn   | Place    | Note
-------+----------+-------------------------------------------
     0 | D:1      | backslashecho the Demonspawn Necromancer began the quest
                  | for the Orb.
     0 | D:1      | Reached XP level 1. HP: 13/13 MP: 3/3
   157 | D:1      | Gained mutation: You may rarely emit foul miasma when
                  | damaged in melee. [demonic ancestry]
   157 | D:1      | Reached XP level 2. HP: 5/19 MP: 1/5
   434 | D:1      | Reached XP level 3. HP: 25/25 MP: 2/6
   544 | D:1      | Reached skill level 1 in Fighting
  1170 | D:2      | Learned a level 3 spell: Vampiric Draining
  1314 | D:2      | Reached skill level 5 in Necromancy
  1437 | D:2      | Gained mutation: You have a small tail. [demonic ancestry]
  1437 | D:2      | Reached XP level 4. HP: 32/32 MP: 3/8
  2528 | D:3      | Found a basalt altar of Yredelemnul.
  2641 | D:3      | Found a shimmering blue altar of Sif Muna.
  2706 | D:3      | You fall into a shaft and drop 1 floor!
  2758 | D:4      | Found a blossoming altar of Fedhas.
  2851 | D:3      | Gained mutation: You regenerate magic rapidly. [demonic
                  | ancestry]
  2851 | D:3      | Reached XP level 5. HP: 38/38 MP: 5/9
  2920 | D:3      | Became a worshipper of Sif Muna the Loreminder
  2927 | D:3      | Learned a level 5 spell: Fireball
  2970 | D:4      | Noticed Blork the orc
  2986 | D:4      | Killed Blork the orc
  2987 | D:4      | Reached skill level 1 in Conjurations
  3120 | D:4      | Reached skill level 1 in Invocations
  3160 | D:4      | Noticed Duvessa
  3278 | D:4      | Reached skill level 1 in Fire Magic
  3285 | D:5      | Entered Level 5 of the Dungeon
  3345 | D:5      | Noticed a black bear
  3388 | D:5      | Reached XP level 6. HP: 42/44 MP: 2/11
  3594 | D:5      | Reached skill level 2 in Conjurations
  3747 | D:5      | Found a snail-covered altar of Cheibriados.
  3812 | D:5      | Reached XP level 7. HP: 42/50 MP: 5/12
  3853 | D:5      | Learned a level 1 spell: Freeze
  3941 | D:5      | Reached skill level 3 in Conjurations
  4371 | D:5      | Reached * piety under Sif Muna
  4600 | D:5      | Reached skill level 4 in Conjurations
  4781 | D:6      | Reached XP level 8. HP: 41/56 MP: 5/14
  4880 | D:6      | Found a sparkling altar of Nemelex Xobeh.
  4976 | D:6      | Found a sand-covered staircase.
  5171 | D:6      | Noticed Pikel
  5248 | D:7      | Found an opulent altar of Gozag.
  5362 | D:7      | Found a runed translucent gate.
  5362 | D:7      | Found a runed translucent gate.
  5364 | D:7      | Found a runed translucent gate.
  5542 | D:7      | Noticed pigah's ghost (novice OpWn)
  5682 | D:7      | Reached skill level 5 in Conjurations
  5709 | D:7      | Identified the +1 leather armour of Noon {rCorr Int+2}
  6073 | D:8      | Upgraded the game from 0.30-a0-1161-g0704695555 to
                  | 0.30-a0-1163-gf69bf04e7a
  6097 | D:8      | Found Hajyfyg's Weapon Boutique.
  6234 | D:8      | Noticed an elephant
  6260 | D:8      | Reached skill level 5 in Fire Magic
  6260 | D:8      | Reached skill level 5 in Invocations
  6284 | D:8      | Killed an elephant
  6285 | D:8      | Reached skill level 5 in Spellcasting
  6285 | D:8      | Reached skill level 6 in Conjurations
  6285 | D:8      | Gained mutation: When hurt, damage is shared between your
                  | health and your magic reserves. [demonic ancestry]
  6285 | D:8      | Reached XP level 9. HP: 47/61 MP: 3/16
  6391 | D:8      | Reached ** piety under Sif Muna
  6438 | D:8      | Noticed Grum
  7136 | D:4      | Killed Duvessa
  7150 | D:4      | Noticed Dowan
  7174 | D:4      | Killed Dowan
  7460 | D:6      | Killed Pikel
  7461 | D:6      | Reached skill level 7 in Conjurations
  7562 | D:6      | Noticed Grinder
  7602 | D:6      | Found a staircase to the Ecumenical Temple.
  7982 | D:9      | Noticed a two-headed ogre
  8297 | D:8      | Noticed Maggie
  8317 | D:8      | Killed Maggie
  8318 | D:8      | Reached XP level 10. HP: 50/67 MP: 7/18
  8356 | D:8      | Found a staircase to the Lair.
  8409 | D:8      | Reached skill level 8 in Conjurations
  8721 | D:8      | Found a burning altar of Makhleb.
  8722 | D:8      | Noticed a green death
  9183 | D:9      | Found a radiant altar of Vehumet.
  9361 | D:9      | Noticed a two-headed ogre
  9363 | D:9      | Noticed a cyclops
  9458 | D:9      | Killed a two-headed ogre
  9490 | D:9      | Reached skill level 9 in Conjurations
  9722 | D:9      | Reached *** piety under Sif Muna
  9937 | D:9      | Shot with a bolt by an orc warrior

Illustrated notes

Levels and vault maps discovered:
D:1:      eino_arrival_water_cross, layout_basic
D:2:      kennysheep_six_static_rooms, layout_loops_corners, dk_noncrumbling_4,
          grunt_ministairs_7
D:3:      layout_basic, lemuel_blue_sif_altar, old_standard_altar
D:4:      layout_loops_cross, fedhas_ov_isle_minmay, uniq_blork_the_orc,
          uniq_duvessa
D:5:      layout_layer_cave, mainiacjoe_overflow_paths, minmay_misc_feat_pillars
D:6:      layout_loops_cross, nzn_hepliaklqana_mist_gate,
          nemelex_xobeh_ov_fountains_minmay, mainiacjoe_overflow_brackets,
          lemuel_tele_altar, minmay_temple_entry_from_below_a, enter_ossuary_4,
          nrook_uturn, uniq_pikel, uniq_crazy_yiuf_cottage, uniq_grinder
D:7:      layout_basic, grunt_gozag_statues, elyvilon_altar_4,
          gammafunk_ghost_necromancy
D:8:      layout_loops_ring, makhleb_altar_promises_db, david_lair_generic,
          serial_shops, shop, chequers_serial_rivers_room_b, chequers_garden,
          uniq_maggie, uniq_grum
D:9:      minmay_bloctagon, layout_basic, kennysheep_mini, minmay_quadrilaterals

Skill      XL: |  1  2  3  4  5  6  7  8  9 10 |
---------------+-------------------------------+-----
Stealth        | 2 |  2.0
Dodging        | 2 |  2.0
Fighting       | 1 2 |  2.0
Necromancy     | 5 |  5.6
Spellcasting   | 3 4 5 7 |  7.1
Conjurations   | 1 2 4 6 7 9 |  9.0
Invocations    | 1 2 3 5 7 8 |  8.6
Fire Magic     | 1 2 3 5 7 8 |  8.6

Action                     |  1- 3 |  4- 6 |  7- 9 | 10-12 || total
---------------------------+-------+-------+-------+-------++-------
  Melee: Unarmed           |     8 |       |       |       ||     8
         Spear             |     4 |       |       |       ||     4
         Dagger            |     6 |    48 |   168 |    84 ||   306
         Tailslap          |       |     6 |    23 |    12 ||    41
         Punch             |       |       |     3 |       ||     3
  Throw: Javelin           |       |     1 |       |       ||     1
         Dart              |       |       |       |    10 ||    10
   Cast: Necrotise         |    61 |    84 |   149 |    75 ||   369
         Vampiric Draining |       |     3 |    25 |    21 ||    49
         Freeze            |       |       |     1 |       ||     1
         Fireball          |       |       |       |    18 ||    18
 Invoke: Channel Magic     |       |       |     2 |     2 ||     4
  Evoke: Wand              |       |       |     1 |     2 ||     3
    Use: Scroll            |       |     4 |     9 |     3 ||    16
         Potion            |       |       |     1 |     1 ||     2
   Stab: Sleeping          |       |       |     3 |       ||     3
 Armour: Robe              |    12 |    26 |    49 |       ||    87
         Leather armour    |       |       |   123 |    42 ||   165
         Steam dragon scal |       |       |       |    17 ||    17
  Dodge: Dodged            |    37 |    57 |   183 |    92 ||   369

Table legend: (Time is in decaauts)
 A = Elapsed time spent in this place.
 B = Non-inter-level travel time spent in this place.
 C = Inter-level travel time spent in this place.
 D = Time resting spent in this place.
 E = Time spent auto-exploring this place.
 F = Levels seen in this place.
 G = Mean time per level.
                   A        B        C        D        E       F      G
               +--------+--------+--------+--------+--------+-----+--------+
         Total |   9946 |   8923 |   1023 |   1273 |   4150 |   9 | 1105.1 |
       Dungeon |   9946 |   8923 |   1023 |   1273 |   4150 |   9 | 1105.1 |
               +--------+--------+--------+--------+--------+-----+--------+

Top non-repeatable levels by time:
     D:5: 1725 daAuts
     D:8: 1470 daAuts
     D:2: 1265 daAuts
     D:7: 1026 daAuts
     D:9: 1014 daAuts
     D:4: 965 daAuts
     D:1: 903 daAuts
     D:3: 806 daAuts
     D:6: 768 daAuts
